 Dungeon Crawl Stone Soup version 0.23-a0-644-gb60d84b (webtiles) character file.

114 Borgoz the Sneak (level 5, -2/35 HPs)
             Began as a Halfling Assassin on Jan 2, 2019.
             Killed from afar by Sigmund (6 damage)
             ... with a magic dart
             ... on level 2 of the Dungeon.
             The game lasted 00:02:54 (1456 turns).

Borgoz the Sneak (Halfling Assassin)                Turns: 1456, Time: 00:02:54

Health: -2/35      AC:  3    Str: 10 (12) XL:     5   Next: 18%
Magic:  5/5        EV: 16    Int:  8 (9)  God:
Gold:   53         SH:  0    Dex: 16 (17) Spells: 4/4 levels left

rFire    . . .     SeeInvis .   a - +2 dagger
rCold    . . .     Gourm    .   (shield restricted)
rNeg     . . .     Faith    .   c - +0 robe
rPois    .         Spirit   .   (no helmet)
rElec    .         Reflect  .   d - +0 cloak
rCorr    .         Harm     .   (no gloves)
MR       .....                  (no boots)
Stlth    +++.......             (no amulet)
HPRegen  0.11/turn              (no ring)
MPRegen  0.09/turn              (no ring)

@: no status effects
A: small, mutation resistance 1
a: no special abilities


You were on level 2 of the Dungeon.
You were not hungry.

You visited 1 branch of the dungeon, and saw 2 of its levels.

You collected 53 gold pieces.

Inventory:

Hand Weapons
 a - a +2 dagger (weapon)
 b - a +0 blowgun
Missiles
 e - 3 poisoned needles
 f - a curare-tipped needle
Armour
 c - a +0 robe (worn)
 d - a +0 cloak (worn)
Comestibles
 g - 3 rations


   Skills:
 + Level 2.4 Fighting
 * Level 3.9 Short Blades
 - Level 2.0 Throwing
 * Level 3.0 Dodging
 + Level 4.9 Stealth


You had 4 spell levels left.
You didn't know any spells.
Your spell library was empty.

Dungeon Overview and Level Annotations

Branches:
Dungeon (2/15)

Altars:

Annotations:
D:2 Sigmund


Innate Abilities, Weirdness & Mutations

You are small and have problems with some larger weapons.
You are somewhat resistant to further mutation.


Message History

You see here 2 poisoned needles.
You closely miss something. Something completely misses you.
You miss something. You hit something. Something hits you.
* * * LOW HITPOINT WARNING * * *
You hit something.
You feel sick. Something barely misses you.
You barely miss something.
You hear some strange, mumbled words.
A puff of flame appears from out of thin air!
The puff of flame misses you.
You feel sick.
You aren't carrying any scrolls.
You feel sick.
You hear some strange, mumbled words.
Something tries to affect you, but you resist.
You feel sick.
You are no longer poisoned.
A magic dart appears from out of thin air!
The magic dart hits you!
You die...

[.....# ......# #####.# #
#.# # #.# #####.####
############### .........#
#.............#
#####'##.####.##.......##.#
.###......<##.##@#####.##.#
#.##......###.##.# #.##(#
##.#.)....# #.##.#
#...(......# ..........#
#.##.########.#######
..^..##...###<............#
......#...##†........####.#
.....##..........##### #.#
........#.###.#....# #(#
.....##.#.# #.#....# #.#


There were no monsters in sight!

Vanquished Creatures
  Terence (D:2)
  A gnoll (D:1)
  2 adders (D:2)
  2 oozes (D:1)
  2 dart slugs (D:1)
  7 bats (D:1)
  A giant cockroach (D:2)
  4 goblins
  5 hobgoblins
  8 jackals
  4 kobolds
  3 frilled lizards
  2 rats (D:1)
42 creatures vanquished.

Notes
Turn   | Place    | Note
-------+----------+-------------------------------------------
     0 | D:1      | Borgoz the Halfling Assassin began the quest for the Orb.
     0 | D:1      | Reached XP level 1. HP: 14/14 MP: 1/1
   149 | D:1      | Reached XP level 2. HP: 18/19 MP: 2/2
   436 | D:1      | Reached XP level 3. HP: 24/24 MP: 3/3
   836 | D:1      | Reached XP level 4. HP: 29/29 MP: 4/4
  1018 | D:2      | Noticed Terence
  1085 | D:2      | Killed Terence
  1085 | D:2      | Reached XP level 5. HP: 9/35 MP: 5/5
  1427 | D:2      | Noticed Sigmund
  1456 | D:2      | Killed from afar by Sigmund

Vault maps used:
D:1:      lemuel_arrival_lava_pool, roderic_malta_cross,
          minmay_misc_feat_enclosed
D:2:      old_standard_altar, uniq_sigmund, uniq_terence

Skill      XL: |  1  2  3  4  5 |
---------------+----------------+-----
Fighting       | 2 |  2.4
Short Blades   | 3 |  3.9
Dodging        | 2 3 |  3.0
Throwing       | |  2.0
Stealth        | |  4.9

Action                   |  1- 3 |  4- 6 || total
-------------------------+-------+-------++-------
Melee: Dagger            |    94 |    65 ||   159
 Fire: Blowgun           |       |    15 ||    15
  Use: Potion            |       |     4 ||     4
       Scroll            |       |     1 ||     1
 Stab: Sleeping          |     5 |     2 ||     7
  Eat: Chunk             |       |     2 ||     2
Armor: Robe              |    32 |    13 ||    45
Dodge: Dodged            |    81 |    95 ||   176

Table legend:
 A = Non-vault XP
 B = Vault XP
 C = Vault XP percentage of total XP
 D = Non-vault monster count
 E = Vault monster count
 F = Vault count percentage of total count
                 A         B        C        D         E       F
            +---------+---------+-------+---------+---------+-------
      Total |     123 |      40 |  24.5 |      41 |       1 |   2.4
            +---------+---------+-------+---------+---------+-------
        D:1 |      78 |       0 |   0.0 |      29 |       0 |   0.0
        D:2 |      45 |      40 |  47.1 |      12 |       1 |   7.7
            +---------+---------+-------+---------+---------+-------
